 Dungeon Crawl Stone Soup version 0.26-a0-1181-gd376ed1 (webtiles) character file.

Game seed: 15099442265921020353

1679622 FromWork the Cruiserweight Champion (level 27, 292/292 HPs)
             Began as a Palentonga Berserker on Dec 26, 2020.
             Was the Champion of Trog.
             Escaped with the Orb
             ... and 3 runes!
             The game lasted 02:55:55 (73959 turns).

FromWork the Cruiserweight Champion (PaBe)         Turns: 73959, Time: 02:55:55

Health: 292/292    AC: 52    Str: 35    XL:     27
Magic:  23/23      EV: 13    Int: 11    God:    Trog [******]
Gold:   3818       SH: 20    Dex: 12    Spells: 26/26 levels left

rFire    + + +     SeeInvis +     - Unarmed
rCold    + . .     Faith    .   u - +0 kite shield "Boungiuz" {+Blink rF+ Str-2 Slay+2}
rNeg     . . .     Spirit   .   l - +12 gold dragon scales
rPois    +         Reflect  +   V - +4 helmet of Impressiveness {Rampage rElec rC-}
rElec    +         Harm     .   U - +0 cloak {Will+}
rCorr    .         Rampage  +   R - +3 pair of gauntlets of War {Slay+5}
Will     +++..                  o - +4 barding {Fly}
Stlth    ..........             Q - amulet of Jesueq {Reflect Fragile Str+5 SH+5}
HPRegen  0.58/turn              X - +4 ring of evasion
MPRegen  0.18/turn              (no ring)

@: flying
A: large, rugged brown scales 3, see invisible, agile 1, blink, clever 1, cold
resistance 1, deformed body, fire resistance 1, screaming 1, shaggy fur 1, wild
magic 1, MP-powered wands, roll 1, armoured tail, reflexive curl
0: Orb of Zot
}: 3/15 runes: decaying, silver, gossamer
a: Rolling Charge, Stop Flying, Blink, Renounce Religion, Evoke Blink, Berserk,
Trog's Hand, Brothers in Arms


You escaped.
You worshipped Trog.
Trog was exalted by your worship.
You visited 9 branches of the dungeon, and saw 49 of its levels.
You visited the Abyss 1 time.
You also visited: Trove, Ossuary and Ice Cave.

You collected 8966 gold pieces.
You spent 5148 gold pieces at shops.

Inventory:

Armour
 j - a +0 cloak of preservation
 l - +12 gold dragon scales (worn)
 o - a +4 barding of flying (worn)
 u - the +0 kite shield "Boungiuz" (worn) {+Blink rF+ Str-2 Slay+2}
   (You found it on level 4 of the Dungeon)

   It affects your strength (-2).
   It affects your accuracy and damage with ranged weapons and melee attacks
   (+2).
   It protects you from fire.
   It lets you blink.
 x - a scarf of repulsion
 R - the +3 pair of gauntlets of War (worn) {Slay+5}
   (You found it on level 2 of the Swamp)

   It affects your accuracy and damage with ranged weapons and melee attacks
   (+5).
 U - a +0 cloak of willpower (worn)
 V - the +4 helmet of Impressiveness (worn) {Rampage rElec rC-}
   (You found it on level 3 of the Swamp)

   It makes you vulnerable to cold.
   It insulates you from electricity.
   It bestows one free step when moving towards enemies.
Jewellery
 c - an uncursed ring of resist corrosion
 d - the ring "Zol Olye" {Fire *Slow +Fly rElec Will++}
   (You found it on level 5 of the Vaults)

   [ring of fire]

   It enhances your fire magic.
   It protects you from fire.
   It makes you vulnerable to cold.
   It insulates you from electricity.
   It affects your willpower, your defense against some magical effects.
   It lets you fly.
   It may slow you when you take damage.
 m - an uncursed amulet of regeneration
 t - an uncursed ring of positive energy
 M - an uncursed ring of protection from cold
 Q - an amulet of Jesueq (around neck) {Reflect Fragile Str+5 SH+5}
   (You found it on level 14 of the Dungeon)

   [amulet of reflection]

   It shields you and reflects attacks.
   It affects your strength (+5).
   It will be destroyed if unequipped.
   It affects your SH (+5).
 T - an uncursed ring of ice
 W - an uncursed ring of flight
 X - a +4 ring of evasion (left hand)
 Y - an uncursed ring of protection from fire
Wands
 v - a wand of acid (43)
 y - a wand of paralysis (63)
 C - a wand of polymorph (30)
 H - a wand of disintegration (54)
 I - a wand of enslavement (53)
 N - a wand of iceblast (22)
 S - a wand of digging (4)
Scrolls
 a - 15 scrolls of teleportation
 f - 39 scrolls of remove curse
 i - 8 scrolls of fear
 n - 10 scrolls of fog
 z - 35 scrolls of identify
 A - 4 scrolls of blinking
 D - a scroll of enchant armour
 F - 9 scrolls of magic mapping
 P - a scroll of silence
 Z - 2 scrolls of holy word
Potions
 b - 10 potions of might
 e - 3 potions of resistance
 g - 14 potions of lignification
 h - 6 potions of magic
 k - 2 potions of mutation
 p - 36 potions of curing
 q - 12 potions of flight
 r - 6 potions of ambrosia
 s - 7 potions of heal wounds
 w - 2 potions of invisibility
 B - 9 potions of cancellation
 E - 3 potions of berserk rage
 K - 7 potions of haste


   Skills:
 O Level 27 Fighting
 + Level 15.0 Armour
 + Level 15.0 Dodging
 + Level 15.0 Shields
 O Level 27 Unarmed Combat
 - Level 5.0 Evocations


You had 26 spell levels left.
You didn't know any spells.
Your spell library was empty.

Dungeon Overview and Level Annotations

Branches:
Dungeon (15/15)            Temple (0/1) D:5            Lair (6/6) D:8
  Swamp (4/4) Lair:4       Spider (4/4) Lair:4        Slime (0/5) Lair:5
    Orc (2/2) D:12            Elf (3/3) Orc:2        Vaults (5/5) D:14
  Crypt (0/3) Vaults:3     Depths (5/5) D:15            Zot (5/5) Depths:5
Ossuary (visited)           IceCv (visited)

Altars:
Fedhas
Kikubaaqudgha
Trog
Uskayaw
Vehumet
Xom
Yredelemnul
Beogh
Jiyva

Shops:
D:4 [   D:5 (   D:14 (*?   D:15 (:*[   Orc:2 !!::   Elf:3 }:   Vaults:1 ((:?*
Vaults:3 (   Depths:2 *   Depths:5 }==

Portals:
Hell: Depths:1 Depths:2 Depths:3 Depths:4 Depths:5
Abyss: D:3 Depths:1 Depths:4
Pandemonium: Depths:3
Ziggurat: Depths:4


Innate Abilities, Weirdness & Mutations

You are completely covered in rugged brown scales. (AC +3, +7% HP)
You have supernaturally acute eyesight. (SInv)
Armour fits poorly on your strangely shaped body.
You can roll at nearby foes to attack.
You have a long armoured tail.
You curl defensively after being hit.
You are agile. (Dex +2)
You can translocate small distances at will.
Your mind is acute. (Int +2)
Your flesh is cold resistant. (rC+)
Your flesh is heat resistant. (rF+)
You occasionally shout uncontrollably at your foes.
You are covered in fur. (AC +1)
Your spells are a little harder to cast, but a little more powerful.
You expend magic power (3 MP) to strengthen your wands.


Message History

(D) Dungeon (T) Temple (L) Lair (S) Swamp (N) Spider Nest (M) Slime Pits (O) Orcish Mines (E) Elven Halls (V) Vaults (C) Crypt (U) Depths (H) Hell (Z) Zot
Where to? (Enter - D:1 @ (x,y), ? - help)
What level of the Dungeon? (default 1, ? - help)
There is a stone staircase leading up here.
You fly upwards.
There is a stone staircase leading down here.
You see here a +0 club.
Things that are here:
a +2 dagger of speed; a +0 club
There is a stone staircase leading up here.
You fly upwards.
There is a stone staircase leading down here.
You see here a +0 club.
There is an open door here.
There is a staircase leading out of the dungeon here.
You can't go down here!
You have escaped!

###########
#.........#
#.........#
#.........#
#....(....# ###
#.##'##...# ##>#
##### #.#8.8#...#
#..# #...###
###.#♣@♣#...#
#..# #.#...#
##...♣♣♣♣♣...#
###..# ..###[#
##..##♣ ♣♣♣####
##....# ...##.#
#..## #.#
#####..##.###
...##.###.##
#.###............
....#....)#
#.##.............
....#....##
#.#..............
.........#
#.#..........)...
...#..>..##
#.#..........#.##


There were no monsters in sight!

Vanquished Creatures
  8 orbs of fire
  2 juggernauts
  5 ancient liches
  A royal mummy (Depths:2)
  Sojobo (Depths:3)
  4 Killer Klowns (Zot:5)
  Xtahua (Depths:3)
  4 curse toes
  6 caustic shrikes
  2 bone dragons (Zot:1)
  6 golden dragons
  Arachne (Spider:3)
  Nikola (Swamp:3)
  3 electric golems
  4 liches
  A Tzitzimitl (Depths:1)
  11 tentacled monstrosities
  26 Orb Guardians
  An Ice Fiend (IceCv)
  Jorgrun (D:12)
  3 deep elf blademasters
  4 titans (Vaults:5)
  The ghost of Iroikicw the Black Belt, an adept MfTm of Okawaru (Vaults:1)
  A deep elf master archer (Elf:3)
  4 quicksilver dragons
  2 Executioners
  8 sphinxes
  8 death cobs
  Frances (Swamp:2)
  Agnes (Elf:1)
  Kirke (D:15)
  6 tengu reavers
  4 thorn hunters
  15 storm dragons
  Donald (Spider:3)
  15 shadow dragons
  2 draconian monks
  12 fire giants
  2 balrugs
  5 draconian knights
  12 vault wardens
  An orc warlord (Orc:2)
  4 frost giants
  5 deep elf sorcerers
  2 juggernaut zombies (Depths:2)
  3 iron dragons
  2 emperor scorpions (Spider:4)
  4 ghost moths
  9 deep elf elementalists
  5 draconian scorchers
  Aizul (Spider:3)
  3 draconian shifters
  Louise (Spider:2)
  2 draconian stormcallers
  2 draconian annihilators
  20 very ugly things
  2 cacodemons
  2 spriggan defenders (Depths:4)
  A stone giant (shapeshifter) (Vaults:5)
  2 war gargoyles (Vaults:5)
  15 ironheart preservers
  19 stone giants
  11 green draconians
  7 black draconians
  9 red draconians
  5 vampire knights
  6 deep elf annihilators
  9 purple draconians
  7 deep elf demonologists
  2 entropy weavers
  7 yellow draconians
  8 white draconians
  5 eleionomae
  5 bunyips
  2 blizzard demons
  3 spark wasps
  20 ettins
  15 deep elf death magi
  A crystal guardian (Vaults:5)
  A green death (Depths:5)
  8 great orbs of eyes
  13 fire dragons
  9 deep elf high priests
  8 boulder beetles
  A quicksilver dragon zombie (Depths:2)
  29 yaktaur captains
  3 catoblepae (Lair:6)
  A catoblepas (shapeshifter) (Depths:4)
  2 hell beasts (Depths:2)
  30 vault guards
  A spriggan air mage (Depths:4)
  8 rakshasas
  16 ice dragons
  48 two-headed ogres
  10 hydras
  2 ghost crabs
  9 alligators
  14 centaur warriors
  12 ogre magi
  3 death knights
  6 tengu warriors
  2 vampire magi (Depths:3)
  29 dancing weapons
  7 deep troll shamans
  11 death yaks
  3 hell hogs (Abyss:4)
  5 spriggan berserkers
  5 sun demons
  5 orc high priests (Orc:2)
  6 deep troll earth magi
  10 spriggans
  21 deep elf knights
  5 iron trolls
  17 hell knights
  5 soul eaters
  6 goliath frogs
  A spatial maelstrom (Abyss:4)
  2 sixfirhies
  4 flayed ghosts
  A shadow wraith (Vaults:5)
  A salamander mystic (Depths:1)
  An unseen horror (Vaults:1)
  3 spriggan druids
  3 spectral hydras (Swamp:4)
  4 bog bodies
  27 deep trolls
  5 glowing orange brains
  A glowing orange brain (shapeshifter) (Vaults:5)
  A shadow demon (Abyss:4)
  11 swamp dragons
  19 ironbrand convokers
  2 swamp dragons (shapeshifter) (Vaults:2)
  6 harpies
  2 orange crystal statues
  2 starcursed masses (Abyss:4)
  9 phantasmal warriors
  2 wolf spider zombies
  12 deep elf archers
  6 wizards
  3 stone giant zombies
  2 iron dragon zombies (Depths:2)
  22 orb spiders
  A mana viper (shapeshifter) (Elf:2)
  11 necromancers
  A harpy (shapeshifter) (Vaults:3)
  42 wolf spiders
  16 orc knights
  40 ugly things
  76 deep elf magi
  A fire giant zombie (Depths:2)
  7 cyclopes
  A frost giant zombie (Depths:2)
  18 oklob plants
  3 salamanders
  7 orc sorcerers
  25 moths of wrath
  An elephant (shapeshifter) (Depths:1)
  3 manticores
  3 will-o-the-wisps
  2 black mambas
  A naga mage (D:15)
  A rust devil (Depths:3)
  8 elephants
  An apocalypse crab (Abyss:4)
  Joseph (D:7)
  2 orange demons
  A water nymph (shapeshifter) (Vaults:5)
  14 cane toads
  3 ice statues (IceCv)
  18 vault sentinels
  A rime drake (shapeshifter) (Vaults:2)
  3 smoke demons
  3 spriggan zombies
  3 torpor snails
  A hellion (Depths:3)
  An efreet (D:8)
  A rime drake (Lair:6)
  4 centaur skeletons
  A green draconian zombie (Zot:1)
  A kobold demonologist (D:13)
  A yaktaur (shapeshifter) (D:15)
  12 demonic crawlers
  8 komodo dragons
  5 freezing wraiths
  68 yaktaurs
  13 ice devils
  A golden dragon simulacrum (IceCv)
  An anaconda simulacrum (IceCv)
  An ancient zyme (D:3)
  3 hellwings (Abyss:4)
  A green draconian skeleton (Zot:1)
  A merfolk (shapeshifter) (Vaults:5)
  A tormentor (Abyss:4)
  3 tengu conjurers
  2 death drake zombies (Swamp:4)
  3 guardian mummies (Depths:2)
  2 jumping spiders (shapeshifter)
  3 hydra zombies (Swamp:4)
  A red devil (Depths:1)
  A bloated husk (Swamp:4)
  19 hornets
  51 jumping spiders
  Grinder (D:4)
  11 tyrant leeches
  A polar bear (Lair:3)
  8 trolls
  9 blink frogs
  A snapping turtle (shapeshifter) (Vaults:5)
  A hydra skeleton (Swamp:4)
  A sphinx simulacrum (Vaults:3)
  4 raiju (Abyss:4)
  A fire giant simulacrum (Vaults:2)
  17 slime creatures
  2 death drake skeletons (Swamp:4)
  2 meliai zombies (D:15)
  74 redbacks
  A centaur simulacrum (D:15)
  A stone giant simulacrum (Depths:1)
  6 air elementals
  A ynoxinul (Abyss:4)
  26 tarantellas
  9 water elementals
  5 wraiths
  A human simulacrum (Vaults:2)
  7 large abominations
  2 shadows
  3 dire elephant simulacra (IceCv)
  2 fire dragon skeletons (Depths:1)
  31 yaks
  2 wyverns (Lair:3)
  2 fire elementals (Elf:3)
  19 humans (D:14)
  2 vampires (D:13)
  3 basilisks
  A fire bat (shapeshifter) (Elf:1)
  A neqoxec (Depths:5)
  A golden eye (shapeshifter) (Depths:3)
  The ghost of AlexanderH the Chiller, an amateur DrIE (D:3)
  2 vampire mosquitoes
  Menkaure (D:4)
  A steam dragon (Lair:2)
  3 chaos spawn
  A harpy simulacrum (IceCv)
  An iron troll simulacrum (IceCv)
  14 wargs
  An acid dragon (Vaults:2)
  15 swamp worms
  A soldier ant (D:13)
  A spatial vortex (Abyss:4)
  A soldier ant (shapeshifter) (Depths:5)
  A warg (shapeshifter) (Depths:4)
  19 water moccasins
  A hell hound (Depths:1)
  6 hydra simulacra
  An elf skeleton (Vaults:1)
  A floating eye (shapeshifter) (Vaults:5)
  5 swamp drakes
  55 orc warriors
  7 sky beasts
  3 eyes of draining
  2 hornet zombies
  4 ice beasts
  2 black bears (D:9)
  A necrophage (D:8)
  10 small abominations
  A phantom (D:11)
  35 ogres
  14 wolves
  10 boggarts
  A swamp dragon skeleton (Swamp:4)
  18 centaurs
  3 big kobolds
  3 elf zombies
  3 gnoll sergeants
  14 bullfrogs
  A wyvern zombie (D:9)
  An earth elemental (Elf:1)
  3 scorpions
  A wyvern skeleton (D:12)
  An elf simulacrum (Vaults:3)
  9 killer bees
  3 howler monkeys
  16 wights
  21 electric eels
  2 crimson imps
  3 human zombies (D:8)
  2 centaur zombies
  3 jellies
  42 orc priests
  4 bullfrog zombies
  7 hounds
  3 gnoll shamans (D:5)
  An iron imp (Depths:3)
  28 orc wizards
  A bullfrog skeleton (D:9)
  3 human skeletons
  4 iguanas
  8 worker ants
  An ogre zombie (D:8)
  5 hound zombies
  A hound skeleton (D:11)
  26 mummies
  Robin (D:2)
  3 worker ant zombies (Ossuary)
  13 gnolls
  13 adders
  3 shadow imps
  3 white imps
  An ufetubus (D:10)
  3 adder zombies (Ossuary)
  3 adder skeletons
  A worm (D:2)
  3 dart slugs
  5 leopard geckos
  143 orcs
  A ball python (D:5)
  5 giant cockroaches
  12 goblins
  10 hobgoblins
  10 jackals
  9 kobolds
  3 quokkas
  13 bats
  4 frilled lizards
  A jackal skeleton (D:4)
  A jackal zombie (D:8)
  2 leopard gecko zombies (Ossuary)
  6 rats
  3 briar patches (Swamp:4)
  2 bushes (Zot:3)
  9 crawling corpses
  3 fungi (Zot:3)
  3 plants (Zot:3)
2489 creatures vanquished.

Vanquished Creatures (collateral kills)
  3 vault guards (Vaults:5)
  2 large abominations (Abyss:4)
  A raiju (Abyss:4)
6 creatures vanquished.

Vanquished Creatures (others)
  An ogre mage (Depths:2)
  An orb spider (Spider:2)
  A deep elf mage (Elf:2)
  A moth of wrath (Zot:4)
  A hornet (Vaults:5)
  A water elemental (D:12)
  A human (D:15)
  An orc (D:13)
  2 briar patches (Swamp:2)
  4 foxfires
  8 fungi
  105 plants
  5 withered plants (Ossuary)
132 creatures vanquished.

Grand Total: 2627 creatures vanquished

Notes
Turn   | Place    | Note
-------+----------+-------------------------------------------
     0 | D:1      | FromWork the Palentonga Berserker began the quest for the
                  | Orb.
     0 | D:1      | Reached XP level 1. HP: 20/20 MP: 1/1
   261 | D:1      | Reached XP level 2. HP: 27/27 MP: 2/2
   827 | D:2      | Reached XP level 3. HP: 33/33 MP: 3/3
   832 | D:2      | Noticed Robin
   841 | D:2      | Reached ** piety under Trog
  1160 | D:2      | Killed Robin
  1292 | D:2      | Reached XP level 4. HP: 30/40 MP: 4/4
  2413 | D:3      | Noticed a small abomination
  2415 | D:3      | Found a one-way gate to the infinite horrors of the Abyss.
  2415 | D:3      | Noticed AlexanderH's ghost (amateur DrIE)
  2417 | D:3      | Noticed an ancient zyme
  2433 | D:3      | Reached XP level 5. HP: 49/49 MP: 5/5
  2622 | D:3      | Found a transporter.
  2623 | D:3      | Found a transporter.
  2649 | D:3      | Noticed a small abomination
  2968 | D:4      | Noticed an ogre
  2976 | D:4      | Killed an ogre
  2977 | D:4      | Reached skill level 5 in Unarmed Combat
  3070 | D:4      | Reached XP level 6. HP: 52/55 MP: 6/6
  3080 | D:4      | Found a bloodstained altar of Trog.
  3152 | D:4      | Noticed Menkaure
  3158 | D:4      | Killed Menkaure
  3249 | D:4      | Noticed Grinder
  3257 | D:4      | Killed Grinder
  3258 | D:4      | Gained mutation: You curl defensively after being hit.
                  | [Palentonga growth]
  3258 | D:4      | Reached XP level 7. HP: 64/64 MP: 7/7
  3358 | D:4      | Got a heavily runed kite shield
  3364 | D:4      | Identified the +0 kite shield "Boungiuz" {+Blink rF+ Str-2
                  | Slay+2} (You found it on level 4 of the Dungeon)
  3581 | D:4      | Found Lemikema's Antique Armour Boutique.
  4112 | D:5      | Entered Level 5 of the Dungeon
  4153 | D:5      | Reached skill level 5 in Fighting
  4153 | D:5      | Reached skill level 1 in Shields
  4318 | D:5      | Found a radiant altar of Vehumet.
  4356 | D:5      | Reached skill level 1 in Evocations
  4514 | D:5      | Found a staircase to the Ecumenical Temple.
  4573 | D:5      | Reached *** piety under Trog
  4685 | D:5      | Found Qautwou's Antique Weapon Shoppe.
  4769 | D:5      | Reached XP level 8. HP: 69/72 MP: 8/8
  5807 | D:7      | Noticed Joseph
  5818 | D:7      | Killed Joseph
  5819 | D:7      | Reached XP level 9. HP: 80/80 MP: 9/9
  5852 | D:7      | Found a sand-covered staircase.
  5857 | Ossuary  | Entered an ossuary
  5870 | Ossuary  | Reached **** piety under Trog
  6166 | Ossuary  | Reached ***** piety under Trog
  6230 | D:7      | Identified a scroll of acquirement
  6230 | D:7      | Acquired a +1 barding of flying
  6662 | D:8      | Reached skill level 5 in Shields
  6725 | D:8      | Received a gift from Trog
  6797 | D:8      | Found a staircase to the Lair.
  6798 | D:8      | Noticed a komodo dragon
  6816 | D:8      | Killed a komodo dragon
  7069 | D:8      | Found an ancient bone altar of Kikubaaqudgha.
  7094 | D:8      | Reached XP level 10. HP: 80/89 MP: 10/10
  7939 | D:9      | Reached skill level 10 in Unarmed Combat
  8158 | D:9      | Noticed a purple ugly thing
  8170 | D:9      | Killed a purple ugly thing
  8311 | D:9      | Reached skill level 5 in Evocations
  8312 | D:9      | Noticed a tengu warrior
  8366 | D:9      | Killed a tengu warrior
  8481 | D:10     | Entered Level 10 of the Dungeon
  9480 | D:11     | Reached XP level 11. HP: 100/100 MP: 11/11
  9692 | D:11     | Noticed a seven-headed hydra
  9705 | D:11     | Killed a seven-headed hydra
  9838 | D:11     | Noticed a two-headed ogre
  9853 | D:11     | Killed a two-headed ogre
  9904 | D:11     | Received a gift from Trog
  9949 | D:11     | Noticed a two-headed ogre
  9963 | D:11     | Killed a two-headed ogre
 10197 | D:11     | Found a hide-covered altar of Uskayaw.
 10500 | D:12     | Noticed an eight-headed hydra
 10525 | D:11     | Killed an eight-headed hydra
 10592 | D:12     | Noticed a boulder beetle
 10651 | D:12     | Noticed a cyan ugly thing
 10720 | D:11     | Killed a cyan ugly thing
 11072 | D:12     | Found a staircase to the Orcish Mines.
 11113 | D:12     | Noticed Jorgrun
 11141 | D:12     | Killed Jorgrun
 11142 | D:12     | Reached XP level 12. HP: 111/111 MP: 12/12
 11233 | D:12     | Killed a boulder beetle
 12010 | D:13     | Noticed a five-headed hydra
 12016 | D:13     | Killed a five-headed hydra
 12128 | D:13     | Noticed a great orb of eyes
 12266 | D:13     | Noticed a centaur warrior
 12272 | D:13     | Killed a centaur warrior
 12335 | D:13     | Received a gift from Trog
 12340 | D:13     | Reached skill level 10 in Shields
 12372 | D:13     | Paralysed by a great orb of eyes for 2 turns
 12381 | D:13     | Killed a great orb of eyes
 12382 | D:13     | Reached skill level 10 in Fighting
 12619 | D:13     | Noticed a two-headed ogre
 12626 | D:13     | Killed a two-headed ogre
 12813 | D:13     | Noticed a centaur warrior
 13073 | D:13     | Killed a centaur warrior
 13362 | D:14     | Reached XP level 13. HP: 121/121 MP: 13/13
 13456 | D:14     | Got a fine bone amulet
 13457 | D:14     | Identified an amulet of Jesueq {Reflect Fragile Str+5 SH+5}
                  | (You found it on level 14 of the Dungeon)
 13590 | D:14     | Found Nyve Syi's Weapon Shop.
 13916 | D:14     | Found a gate to the Vaults.
 13936 | D:14     | Reached skill level 15 in Unarmed Combat
 14092 | D:14     | Found Fiyckat's Assorted Antiques.
 14099 | D:14     | Found Guneaw Urets's Magic Scroll Boutique.
 14101 | D:14     | Bought a scroll of identify for 54 gold pieces
 14101 | D:14     | Bought a scroll labelled XEQOCKIJYO for 27 gold pieces
 14110 | D:14     | Bought a scroll of identify for 24 gold pieces
 14110 | D:14     | Bought a scroll of identify for 24 gold pieces
 14110 | D:14     | Bought a scroll of enchant armour for 90 gold pieces
 14200 | D:14     | HP: 4/124 [electric eel/bolt of electricity (15)]
 14766 | D:14     | Reached ****** piety under Trog
 15727 | D:15     | Entered Level 15 of the Dungeon
 15732 | D:15     | Found Ubrof's General Store.
 15737 | D:15     | Bought a scroll of blinking for 112 gold pieces
 15756 | D:15     | Found Leung's Armour Shop.
 15854 | D:15     | Found a staircase to the Depths.
 16025 | D:15     | Noticed Kirke
 16035 | D:15     | Noticed a sphinx
 16040 | D:15     | Killed Kirke
 16430 | D:15     | Found Exution's Book Boutique.
 16438 | D:15     | Found Anlil's Weapon Emporium.
 16884 | Lair:1   | Entered Level 1 of the Lair of Beasts
 17821 | Lair:2   | Received a gift from Trog
 17964 | Lair:2   | Reached XP level 14. HP: 133/134 MP: 14/14
 20169 | Lair:4   | Found a staircase to the Swamp.
 20317 | Lair:4   | Found a hole to the Spider Nest.
 21276 | Lair:5   | Got a warped chain mail
 21287 | Lair:5   | Identified the cursed +1 chain mail of Sif Muna's Regard
                  | {+Inv rC+++ Int-2} (You found it on level 5 of the Lair of
                  | Beasts)
 21514 | Lair:5   | Found a viscous altar of Jiyva.
 21514 | Lair:5   | Found a staircase to the Slime Pits.
 21827 | Lair:5   | Received a gift from Trog
 22032 | Lair:6   | Entered Level 6 of the Lair of Beasts
 23126 | Lair:6   | Reached XP level 15. HP: 145/145 MP: 15/15
 23560 | Orc:1    | Entered Level 1 of the Orcish Mines
 23689 | Orc:1    | Received a gift from Trog
 23693 | Orc:1    | You are sucked into a shaft and drop 1 floor!
 23693 | Orc:2    | Entered Level 2 of the Orcish Mines
 24965 | Orc:2    | Found a roughly hewn altar of Beogh.
 24990 | Orc:2    | Received a gift from Trog
 25105 | Orc:2    | Found Wycsodam's Book Boutique.
 25155 | Orc:2    | Found Tacuetik's Book Shop.
 25634 | Orc:2    | Found a staircase to the Elven Halls.
 25714 | Orc:2    | Paralysed by an orc sorcerer for 2 turns
 26017 | Orc:2    | Found Istunk's Distillery.
 26078 | Orc:2    | Bought a potion of haste for 130 gold pieces
 26078 | Orc:2    | Bought 2 potions of heal wounds for 130 gold pieces
 26110 | Orc:2    | Noticed an orc warlord
 26149 | Orc:2    | Killed an orc warlord
 26435 | Orc:2    | Found a roughly hewn altar of Beogh.
 26635 | Orc:2    | Found Baguj's Distillery.
 26723 | Orc:2    | Bought a potion of curing for 33 gold pieces
 26723 | Orc:2    | Bought a potion of curing for 33 gold pieces
 26723 | Orc:2    | Bought 2 potions of cancellation for 176 gold pieces
 26723 | Orc:2    | Bought a potion of mutation for 88 gold pieces
 26956 | Orc:2    | Bought a potion of heal wounds for 65 gold pieces
 26956 | Orc:2    | Bought a potion of curing for 39 gold pieces
 26956 | Orc:2    | Bought a potion of curing for 39 gold pieces
 26956 | Orc:2    | Bought a potion of curing for 39 gold pieces
 26956 | Orc:2    | Bought a potion of curing for 39 gold pieces
 27210 | D:3      | Killed AlexanderH's ghost
 27596 | Swamp:1  | Entered Level 1 of the Swamp
 27626 | Swamp:1  | Received a gift from Trog
 29107 | Swamp:2  | Noticed a thorn hunter
 29124 | Swamp:2  | Killed a thorn hunter
 29142 | Swamp:2  | Reached XP level 16. HP: 153/157 MP: 16/16
 29148 | Swamp:2  | Found a frozen archway.
 29154 | IceCv    | Entered an ice cave
 29855 | IceCv    | Noticed an Ice Fiend
 29864 | IceCv    | Killed an Ice Fiend
 29865 | IceCv    | Reached skill level 5 in Armour
 29865 | IceCv    | Reached skill level 5 in Dodging
 30081 | IceCv    | Got a jade-studded chain mail
 30092 | IceCv    | Identified the cursed +1 chain mail of Insurance {Dex+3}
                  | (You found it in an ice cave)
 30780 | Swamp:2  | Noticed Frances
 30796 | Swamp:2  | Killed Frances
 30886 | Swamp:2  | Found the +3 pair of gauntlets of War {Slay+5}
 31097 | Swamp:2  | HP: 6/157 [swamp worm (6)]
 31105 | Swamp:1  | HP: 3/157 [swamp worm (14)]
 31112 | Swamp:1  | Received a gift from Trog
 31923 | Swamp:3  | Noticed Nikola
 31932 | Swamp:3  | Killed Nikola
 32490 | Swamp:3  | Got a heavily runed helmet
 32501 | Swamp:3  | Identified the +4 helmet of Impressiveness {Rampage rElec
                  | rC-} (You found it on level 3 of the Swamp)
 32688 | Swamp:3  | Reached skill level 15 in Fighting
 32931 | Swamp:4  | Entered Level 4 of the Swamp
 34147 | Swamp:4  | Reached XP level 17. HP: 160/166 MP: 17/17
 34401 | Swamp:4  | Received a gift from Trog
 34945 | Swamp:4  | Found a basalt altar of Yredelemnul.
 35001 | Swamp:4  | Got a decaying rune of Zot
 35101 | Swamp:4  | Found a blossoming altar of Fedhas.
 35580 | Elf:1    | Entered Level 1 of the Elven Halls
 36080 | Elf:1    | Noticed Agnes
 36089 | Elf:1    | Killed Agnes
 36249 | Elf:1    | Received a gift from Trog
 36249 | Elf:1    | Gained mutation: Your body sometimes deteriorates upon
                  | taking damage. [a neqoxec]
 36619 | Elf:1    | Lost mutation: Your body sometimes deteriorates upon taking
                  | damage. [potion of mutation]
 36619 | Elf:1    | Gained mutation: Your body sometimes deteriorates upon
                  | taking damage. [potion of mutation]
 36619 | Elf:1    | Gained mutation: You can roll at foes to attack. [potion of
                  | mutation]
 36619 | Elf:1    | Gained mutation: Your system is resistant to poisons.
                  | (rPois) [potion of mutation]
 36620 | Elf:1    | Lost mutation: Your body sometimes deteriorates upon taking
                  | damage. [potion of mutation]
 36620 | Elf:1    | Lost mutation: Your system is resistant to poisons. (rPois)
                  | [potion of mutation]
 36620 | Elf:1    | Lost mutation: You can roll at foes to attack. [potion of
                  | mutation]
 36620 | Elf:1    | Gained mutation: You tend to lose your temper in combat.
                  | [potion of mutation]
 36620 | Elf:1    | Gained mutation: You do not regenerate when monsters are
                  | visible. [potion of mutation]
 36620 | Elf:1    | Gained mutation: Your spells are a little harder to cast,
                  | but a little more powerful. [potion of mutation]
 36620 | Elf:1    | Gained mutation: You have sharp toenails. [potion of
                  | mutation]
 36621 | Elf:1    | Lost mutation: You have sharp toenails. [potion of
                  | mutation]
 36621 | Elf:1    | Lost mutation: You do not regenerate when monsters are
                  | visible. [potion of mutation]
 36621 | Elf:1    | Gained mutation: You expend magic power (3 MP) to
                  | strengthen your wands. [potion of mutation]
 36621 | Elf:1    | Gained mutation: Your tail ends in a poisonous barb.
                  | [potion of mutation]
 36621 | Elf:1    | Gained mutation: Your mind is acute. (Int +2) [potion of
                  | mutation]
 36622 | Elf:1    | Lost mutation: Your spells are a little harder to cast, but
                  | a little more powerful. [potion of mutation]
 36622 | Elf:1    | Lost mutation: Your tail ends in a poisonous barb. [potion
                  | of mutation]
 36622 | Elf:1    | Lost mutation: You tend to lose your temper in combat.
                  | [potion of mutation]
 36622 | Elf:1    | Lost mutation: Your mind is acute. (Int +2) [potion of
                  | mutation]
 36622 | Elf:1    | Gained mutation: You are agile. (Dex +2) [potion of
                  | mutation]
 36622 | Elf:1    | Gained mutation: You are covered in fur. (AC +1) [potion of
                  | mutation]
 36622 | Elf:1    | Gained mutation: Your flesh is heat resistant. (rF+)
                  | [potion of mutation]
 36622 | Elf:1    | Gained mutation: You can translocate small distances at
                  | will. [potion of mutation]
 36770 | Elf:1    | Found a radiant altar of Vehumet.
 36846 | Elf:1    | Got a translucent chain mail
 36857 | Elf:1    | Identified the +7 chain mail "Feuna" {rF- Int+8 Dex-4
                  | Stlth+} (You found it on level 1 of the Elven Halls)
 37619 | Elf:2    | Received a gift from Trog
 38011 | Elf:2    | Found a huge runed translucent gate.
 38011 | Elf:2    | Found a huge runed translucent gate.
 38011 | Elf:2    | Found a huge runed translucent gate.
 38011 | Elf:2    | Found a huge runed translucent gate.
 38011 | Elf:2    | Found a huge runed translucent gate.
 38453 | Elf:2    | Reached XP level 18. HP: 176/177 MP: 18/18
 38639 | Elf:2    | Received a gift from Trog
 39033 | Elf:3    | Entered Level 3 of the Elven Halls
 39199 | Elf:3    | Found Unuhum's Gadget Emporium.
 39527 | Elf:3    | Found Cufusen's Book Boutique.
 40121 | Elf:3    | Identified the amulet "Zirrub" {Faith rElec rPois Str-5
                  | Int-2}
 40134 | Elf:3    | Received a gift from Trog
 40216 | Elf:3    | Identified the cursed +0 scale mail of Courage {Slay+2
                  | SInv}
 40220 | Elf:3    | Identified the +3 spear "Omijauna" {elec, Int+4}
 40231 | Elf:3    | Noticed a Tzitzimitl
 40248 | Elf:3    | Cast into level 4 of the Abyss (a deep elf sorcerer)
 40504 | Abyss:4  | Found a corrupted altar of Lugonu.
 40549 | Elf:3    | Escaped the Abyss
 41032 | Elf:3    | Identified the +5 ring mail of Wrong Decisions {Dex+2}
 41061 | Elf:3    | Reached XP level 19. HP: 137/186 MP: 19/19
 41343 | Elf:3    | Identified the Compendium of Contamination
 41372 | Elf:3    | Identified the +1 plate armour of Capiaceh {Will++ Int+4}
                  | (You found it on level 3 of the Elven Halls)
 41638 | Vaults:1 | Entered Level 1 of the Vaults
 42056 | Vaults:1 | Received a gift from Trog
 42151 | Vaults:1 | Found Jyrumusm's Book Boutique.
 42392 | Vaults:1 | Reached skill level 10 in Dodging
 42640 | Vaults:1 | Reached skill level 10 in Armour
 42700 | Vaults:1 | Found Lotatide's Weapon Shop.
 42712 | Vaults:1 | Found a large runed translucent door.
 42712 | Vaults:1 | Found a large runed translucent door.
 42712 | Vaults:1 | Found a large runed translucent door.
 42712 | Vaults:1 | Found a large runed translucent door.
 42712 | Vaults:1 | Found a large runed translucent door.
 42712 | Vaults:1 | Found a large runed translucent door.
 42712 | Vaults:1 | Found a large runed translucent door.
 42712 | Vaults:1 | Found a large runed translucent door.
 42712 | Vaults:1 | Noticed Iroikicw's ghost (adept MfTm)
 43087 | Vaults:1 | Found Ubieral's Magic Scroll Shoppe.
 43087 | Vaults:1 | Found Fool's General Store.
 43252 | Vaults:1 | Received a gift from Trog
 43645 | Vaults:1 | Found Xasorita's Weapon Shop.
 44583 | Vaults:2 | Received a gift from Trog
 44584 | Vaults:2 | Reached XP level 20. HP: 181/196 MP: 20/20
 45482 | Vaults:3 | Received a gift from Trog
 45744 | Vaults:3 | Found a portal to a secret trove of treasure.
 45748 | Vaults:3 | You paid a toll of 3 potions of resistance to enter a
                  | treasure trove
 45749 | Trove    | Entered a treasure trove
 45764 | Trove    | Found the +7 mace of Variability {chain chaos}
 46286 | Vaults:3 | Found a staircase to the Crypt.
 46286 | Vaults:3 | Found an ancient bone altar of Kikubaaqudgha.
 46287 | Vaults:3 | Found a basalt altar of Yredelemnul.
 46811 | Vaults:3 | Found Ygosep's Antique Weapon Boutique.
 47540 | Vaults:4 | Reached XP level 21. HP: 200/208 MP: 21/21
 47686 | Vaults:4 | Received a gift from Trog
 48302 | Depths:1 | Entered Level 1 of the Depths
 49638 | Depths:1 | Received a gift from Trog
 49660 | Depths:1 | Found a gateway to Hell.
 49904 | Depths:1 | You are sucked into a shaft and drop 1 floor!
 50855 | Depths:2 | Found Uzoo's Assorted Antiques.
 50997 | Depths:2 | Received a gift from Trog
 51513 | Depths:2 | Noticed a royal mummy
 51519 | Depths:2 | Killed a royal mummy
 51986 | Depths:3 | Reached XP level 22. HP: 220/220 MP: 22/22
 52206 | Depths:3 | Found the +6 Majin-Bo {vamp, MP+6 Int+6}
 52243 | Depths:3 | Noticed Xtahua
 52249 | Depths:3 | Killed Xtahua
 52360 | Depths:3 | Received a gift from Trog
 52738 | Depths:3 | Noticed Sojobo
 52739 | Depths:3 | Found a one-way gate leading to the halls of Pandemonium.
 52751 | Depths:3 | Killed Sojobo
 53435 | Depths:4 | Received a gift from Trog
 54368 | Depths:4 | Noticed a juggernaut
 54370 | Depths:4 | Noticed a golden dragon
 54633 | Depths:4 | Killed a juggernaut
 54672 | Depths:4 | Killed a golden dragon
 54707 | Depths:4 | Received a gift from Trog
 55275 | Depths:4 | Reached XP level 23. HP: 230/230 MP: 23/23
 55431 | Depths:4 | Found a shimmering altar of Xom.
 55440 | Depths:4 | Found a gateway to a ziggurat.
 55652 | Depths:5 | Entered Level 5 of the Depths
 55658 | Depths:5 | Noticed a caustic shrike
 55658 | Depths:5 | Noticed a caustic shrike
 55659 | Depths:5 | Noticed a caustic shrike
 55674 | Depths:4 | Killed a caustic shrike
 55735 | Depths:4 | Killed a caustic shrike
 55737 | Depths:4 | Killed a caustic shrike
 56135 | Depths:5 | Noticed a caustic shrike
 56135 | Depths:5 | Noticed a caustic shrike
 56135 | Depths:5 | Noticed a caustic shrike
 56145 | Depths:5 | Killed a caustic shrike
 56155 | Depths:5 | Killed a caustic shrike
 56163 | Depths:5 | Killed a caustic shrike
 56304 | Depths:5 | Noticed a juggernaut
 56309 | Depths:5 | Killed a juggernaut
 56925 | Depths:5 | Found a gate to the Realm of Zot.
 56925 | Depths:5 | Received a gift from Trog
 57328 | Depths:5 | Found Nofarph's Gadget Shoppe.
 57328 | Depths:5 | Found Otatiq's Jewellery Shop.
 57329 | Depths:5 | Found Nuvos's Jewellery Shop.
 57681 | D:14     | Bought a scroll of acquirement for 1404 gold pieces
 57683 | D:14     | Acquired 679 gold pieces
 57895 | Depths:2 | Bought a scroll of acquirement for 2288 gold pieces
 57895 | Depths:2 | Acquired 919 gold pieces
 58213 | Vaults:5 | Entered Level 5 of the Vaults
 58471 | Vaults:5 | Received a gift from Trog
 58486 | Vaults:5 | Reached XP level 24. HP: 204/240 MP: 23/23
 58546 | Vaults:5 | Reached skill level 27 in Unarmed Combat
 58551 | Vaults:5 | Identified the +11 dagger "Lifebane" {venom, *Corrode rF+
                  | rC+}
 58693 | Vaults:5 | Received a gift from Trog
 59016 | Vaults:5 | Got a smoking bronze ring
 59018 | Vaults:5 | Identified the ring "Zol Olye" {Fire *Slow +Fly rElec
                  | Will++} (You found it on level 5 of the Vaults)
 59891 | Vaults:5 | Received a gift from Trog
 59923 | Vaults:5 | Got a silver rune of Zot
 60274 | Vaults:1 | Bought a scroll of enchant armour for 157 gold pieces
 60274 | Vaults:1 | Bought a scroll of enchant armour for 157 gold pieces
 60336 | Vaults:1 | Killed Iroikicw's ghost
 60794 | Spider:1 | Entered Level 1 of the Spider Nest
 61296 | Spider:2 | Noticed Louise
 61308 | Spider:2 | Killed Louise
 61471 | Spider:2 | Received a gift from Trog
 61635 | Spider:2 | Reached XP level 25. HP: 194/254 MP: 23/23
 61992 | Spider:3 | Noticed Donald
 61994 | Spider:3 | Killed Donald
 61995 | Spider:3 | Noticed Arachne
 62118 | Spider:3 | Noticed Aizul
 62120 | Spider:3 | Killed Arachne
 62168 | Spider:3 | Killed Aizul
 62486 | Spider:4 | Entered Level 4 of the Spider Nest
 62543 | Spider:4 | Received a gift from Trog
 63610 | Spider:4 | Got a gossamer rune of Zot
 64131 | Zot:1    | Entered Level 1 of the Realm of Zot
 65674 | Zot:2    | Received a gift from Trog
 66534 | Zot:3    | Reached XP level 26. HP: 226/268 MP: 23/23
 69084 | Zot:4    | Received a gift from Trog
 69569 | Zot:5    | Entered Level 5 of the Realm of Zot
 70082 | Zot:5    | Noticed an orb of fire
 70221 | Zot:5    | Noticed an orb of fire
 70223 | Zot:5    | Noticed an orb of fire
 70234 | Zot:4    | Killed an orb of fire
 70383 | Zot:4    | Killed an orb of fire
 70565 | Zot:5    | Noticed an orb of fire
 70596 | Zot:5    | Noticed an ancient lich
 70605 | Zot:4    | Killed an orb of fire
 70656 | Zot:4    | Killed an ancient lich
 70780 | Zot:4    | Killed an orb of fire
 70887 | Zot:5    | Noticed an orb of fire
 70891 | Zot:5    | Reached XP level 27. HP: 282/282 MP: 23/23
 71005 | Zot:4    | Gained mutation: You occasionally shout uncontrollably at
                  | your foes. [an orb of fire]
 71011 | Zot:4    | Gained mutation: Your spells are a little harder to cast,
                  | but a little more powerful. [an orb of fire]
 71014 | Zot:4    | Killed an orb of fire
 71063 | Zot:5    | Received a gift from Trog
 71074 | Zot:5    | Noticed an ancient lich
 71078 | Zot:5    | Killed an ancient lich
 71079 | Zot:5    | Reached skill level 15 in Armour
 71079 | Zot:5    | Reached skill level 15 in Shields
 71090 | Zot:5    | Reached skill level 15 in Dodging
 71202 | Zot:5    | Noticed an ancient lich
 71220 | Zot:5    | Killed an ancient lich
 71220 | Zot:5    | Noticed an orb of fire
 71224 | Zot:5    | Gained mutation: Your flesh is cold resistant. (rC+) [an
                  | orb of fire]
 71234 | Zot:5    | Killed an orb of fire
 71241 | Zot:5    | Noticed an orb of fire
 71652 | Zot:5    | Killed an orb of fire
 72220 | Zot:5    | Noticed an ancient lich
 72220 | Zot:5    | Noticed an orb of fire
 72223 | Zot:5    | Gained mutation: Your mind is acute. (Int +2) [an orb of
                  | fire]
 72237 | Zot:5    | Killed an orb of fire
 72244 | Zot:5    | Killed an ancient lich
 72264 | Zot:5    | Noticed an ancient lich
 72274 | Zot:5    | Killed an ancient lich
 73046 | Zot:5    | Got the Orb of Zot
 73390 | Depths:1 | Noticed Ryzashri the pandemonium lord
 73575 | D:14     | Received a gift from Trog
 73655 | D:11     | Reached skill level 27 in Fighting
 73959 | D:$      | Escaped with the Orb!

Illustrated notes

Levels and vault maps discovered:
D:1:      saegor_arrival_simple_b, layout_rooms
D:2:      layout_loops_ring, serial_forest, infiniplex_forest_straight_3,
          infiniplex_forest_lined_3, infiniplex_forest_end_double,
          infiniplex_forest_straight_2, infiniplex_forest_clump_curved,
          infiniplex_forest_end_double, infiniplex_forest_straight_3, uniq_robin
D:3:      layout_loops_corners, gammafunk_ghost_abyssal_escape
D:4:      layout_layer_cave, serial_shops,
          nicolae_shop_competitors_out_of_business, bloody_trog, uniq_menkaure,
          uniq_grinder
D:5:      layout_cave_pools, lemuel_temple_firewalk_a, serial_gnoll_camp,
          gnoll_camp_huts_basic, gnoll_camp_mini_hut, gnoll_camp_mini_shop,
          gnoll_camp_mini_hut, vehumet_altar_wand_db
D:6:      layout_basic
D:7:      layout_rooms, enter_ossuary_2, uniq_joseph
D:8:      layout_basic, lemuel_mausoleum_altar_kikubaaqudgha,
          david_lair_shrubbed
D:9:      minmay_quarter_circles, layout_irregular_city
D:10:     layout_loops_corners, serial_bayou, serial_bayou_lagoon_b,
          serial_bayou_pond_e, serial_bayou_pond_e, serial_bayou_pond_a,
          serial_bayou_lagoon_a, serial_bayou_pond_a
D:11:     layout_roguey, basic_altar, minivault_25
D:12:     layout_cave_pools, orc_0_dummy, serial_bayou, serial_bayou_shore_b,
          serial_bayou_lake_a, serial_bayou_pond_e, serial_bayou_pond_d,
          uniq_jorgrun
D:13:     layout_basic, minmay_the_grid_2x2 [minmay_the_grid_minigrid_small,
          minmay_the_grid_rooms, minmay_the_grid_stretched_grid,
          minmay_the_grid_prize_big_room]
D:14:     layout_basic, grunt_vaults_entry_tiered, serial_shops, shop, shop,
          nicolae_shop_trees, hangedman_decor_points, minmay_tree_intersection,
          minivault_16, small_chamber_with_monster
D:15:     grunt_enter_depths_magical_seal, layout_long_grid, serial_shops, shop,
          shop, shop_statue, nicolae_shop_crystal, corexii_hall_statues_s,
          uniq_kirke
Lair:1:   layout_cave_shapes
Lair:2:   layout_chaotic_city, serial_bayou, serial_bayou_shore_b,
          serial_bayou_pond_b, serial_bayou_shore_a, serial_bayou_crossing,
          serial_bayou_pond_b
Lair:3:   layout_small_grid
Lair:4:   layout_gridlike, swamp_mist, spider_nest_entry_rubble
Lair:5:   layout_gridlike, dpeg_slime_entry_enclosed_altar, roderic_batcave,
          serial_bayou_shore_b, grunt_megastairs_4, minmay_lair_oklob_chamber
Lair:6:   evilmike_catoblepas_cave, layout_regular_city
Swamp:1:  layout_falls_marsh, evilmike_swamp_ruin_rubble_2, swamp_pool1
Swamp:2:  layout_basic_swamp, portal_ice_cave_entry_pillars_three,
          nicolae_swamp_feature_on_the_river_bank, worms_lemuel,
          infiniplex_staircase_pool, uniq_frances
Swamp:3:  layout_basic_swamp, nicolae_swamp_very_dense_foliage, uniq_nikola
Swamp:4:  byrel_swamp_growth_death_and_undeath, layout_basic_swamp
Spider:1: layout_spider_delve
Spider:2: layout_spider_delve, drop_trap, nicolae_orb_island, uniq_louise
Spider:3: layout_spider_delve, uniq_aizul, uniq_arachne, uniq_donald
Spider:4: spider_rune_water, guppyfry_spider_mini_1
Orc:1:    cheibrodos_orc_guarddog, layout_caves, minmay_orc_barracks
Orc:2:    pubby_orc_utopia, serial_shops
Elf:1:    minmay_elf_arrival_summoners, layout_loops_cross, basic_altar,
          hangedman_elven_crosses_minicolossus, uniq_agnes
Elf:2:    layout_geoelf_diagonals, grunt_megastairs_1
Elf:3:    minmay_elf_hall_quartered_circle, layout_geoelf_diagonals,
          serial_shops, shop, nicolae_shop_window_shopping, grunt_ministairs_15
Vaults:1: advil_vaults_ghost_lines, grunt_vaults_bifocal, v_misc_15,
          hangedman_vaults_cutoff, ontoclasm_vaults_pinch, ontoclasm_vaults_eye,
          ontoclasm_vaults_chip, st_spiral_rooms,
          nicolae_vaults_windows_and_doors_thing, v_misc_2,
          nicolae_vaults_little_squares_3, dpeg_vaults_monster_box,
          layout_vaults_big_room, serial_shops, shop, shop, shop, shop,
          shop_fountains
Vaults:2: v_misc_29, nicolae_vaults_big_angled_halls, v_misc_16, v_misc_26,
          vaults_room_stairs_pillars, hangedman_vaults_corner,
          hangedman_vaults_capsules, nicolae_vaults_gold_heap,
          nicolae_vaults_asterisk, grunt_vaults_funnel, grunt_vaults_twisty,
          layout_vaults_omnicross
Vaults:3: ontoclasm_vaults_bender, nicolae_vaults_network_barrier,
          hangedman_vaults_hat, minmay_crypt_entry_necro_gods,
          nicolae_vaults_network_s, v_misc_10, nicolae_vaults_little_squares_1,
          nicolae_vaults_circle_grid_a, ontoclasm_vaults_loading_screen,
          hangedman_vaults_impose, vaults_dpeg_ring, vaults_room_corners,
          layout_vaults_ring, nicolae_trove_entry_crossroad, serial_shops,
          nicolae_shop_behind_doors
Vaults:4: nicolae_vaults_network_quinsquares
          [nicolae_vaults_network_quincunx_subvault,
          nicolae_vaults_network_quincunx_subvault,
          nicolae_vaults_network_quincunx_subvault,
          nicolae_vaults_network_quincunx_subvault], grunt_vaults_focal,
          nicolae_vaults_asterisk, hangedman_vaults_nails,
          vaults_standard_mumra_x, nicolae_vaults_specimen_jars,
          vaults_standard_mumra_enter_the_diamond, layout_vaults_omnigrid
Vaults:5
Depths:1: layout_roguey, abyss_entry_crystal, nicolae_benzene_ring, hellmouth_1,
          st_stairs_13, minivault_16, item_on_display_a
Depths:2: lemuel_minitomb, layout_cave_pools, serial_shops, shop_statue,
          grunt_mini_vestibule, serial_sigils, serial_sigils_hangedman_scar,
          serial_sigils_hangedman_shear, serial_sigils_hangedman_snap,
          infiniplex_staircase_pool_lava
Depths:3: minmay_guarded_unrand_majin_bo, layout_basic,
          minmay_large_rounded_square, grunt_hell_entry_dis_mu,
          rand_demon_pan_entry_9, chequers_jeans, infiniplex_staircase_squiggle,
          uniq_sojobo, uniq_xtahua
Depths:4: cheibrodos_salmonella, layout_twisted_cross, enter_ziggurat_c,
          abyss_entry, hell_entry, basic_altar, roderic_serpentine_path,
          unseen_surprise_small
Depths:5: grunt_zot_entry_bicorn, layout_basic, hell_entry, serial_bayou_pond_a,
          minmay_shop_grove
Zot:1:    layout_onion_interference, hangedman_snap_crack_crunch
Zot:2:    layout_cellular_growth
Zot:3:    grunt_zot_stairs_overgrown, layout_cathedral_of_symmetry
Zot:4:    layout_cathedral_of_symmetry, hangedman_elemental_corridor
Zot:5:    layout_basic

Skill      XL: |  1  2  3  4  5  6  7  8  9 10 11 12 13 14 15 16 17 18 19 20 21 22 23 24 25 26 27 |
---------------+----------------------------------------------------------------------------------+-----
Dodging        | 2 4 6 8 9 10 11 12 13 14 15 | 15.0
Armour         | 2 4 6 8 9 10 11 12 13 14 15 | 15.0
Unarmed Combat | 4 5 6 7 8 9 10 12 14 16 18 19 20 21 22 23 24 25 26 27 | 27.0
Fighting       | 4 5 6 8 9 10 12 13 14 15 16 17 18 19 20 22 23 24 27 | 27.0
Shields        | 2 4 5 7 9 10 11 12 13 14 15 | 15.0
Evocations     | 1 3 4 5 |  5.0

Action                   |  1- 3 |  4- 6 |  7- 9 | 10-12 | 13-15 | 16-18 | 19-21 | 22-24 | 25-27 || total
-------------------------+-------+-------+-------+-------+-------+-------+-------+-------+-------++-------
Melee: Unarmed           |   142 |   128 |   455 |   786 |  1364 |  1170 |  1384 |  1322 |  1302 ||  8053
       Tailslap          |    13 |    10 |    58 |   120 |   206 |   245 |   336 |   325 |   307 ||  1620
       Punch             |     1 |     3 |       |       |       |       |       |       |       ||     4
Invok: Berserk           |     2 |     4 |     8 |    23 |    30 |    13 |     6 |     7 |    11 ||   104
       Trog's Hand       |       |     2 |       |     3 |     9 |    11 |     4 |    19 |    13 ||    61
       Brothers in Arms  |       |       |       |       |       |     1 |       |       |       ||     1
 Abil: Rolling Charge    |     5 |     1 |     2 |    11 |    26 |    68 |    72 |    65 |    52 ||   302
       Stop Flying       |       |       |       |       |       |       |       |     1 |       ||     1
       Evoke Flight      |       |       |       |       |       |       |       |     1 |       ||     1
Evoke: Wand              |       |       |       |     2 |       |     3 |       |       |     5 ||    10
  Use: Scroll            |       |       |    22 |     2 |    16 |     4 |     3 |    21 |     5 ||    73
       Potion            |       |       |       |       |     1 |     9 |       |     4 |       ||    14
 Stab: Paralysed         |       |       |       |     2 |       |     8 |       |       |       ||    10
       Distracted        |       |       |       |       |       |     1 |       |     1 |       ||     2
       Invisible         |       |       |       |       |       |       |       |     1 |       ||     1
Armor: Animal skin       |     7 |       |       |       |       |       |       |       |       ||     7
       Ring mail         |    16 |       |       |       |       |       |       |       |       ||    16
       Scale mail        |    43 |    70 |     9 |       |       |       |       |       |       ||   122
       Plate armour      |       |       |   217 |   529 |   543 |   425 |   489 |   194 |       ||  2397
       Skin              |       |       |     7 |       |       |       |       |       |     3 ||    10
       Chain mail        |       |       |       |       |       |    99 |       |       |       ||    99
       Gold dragon scale |       |       |       |       |       |       |       |   250 |   506 ||   756
Dodge: Dodged            |    73 |    43 |    41 |    57 |   128 |   144 |   217 |   227 |   308 ||  1238
Block: Kite shield       |       |       |   186 |   385 |   985 |   661 |   749 |   748 |   726 ||  4440
       Reflection        |       |       |       |       |    40 |    31 |    92 |    48 |     7 ||   218
       Other             |       |       |       |       |     1 |       |       |       |       ||     1

Table legend: (Time is in decaauts)
 A = Elapsed time spent in this place.
 B = Non-inter-level travel time spent in this place.
 C = Inter-level travel time spent in this place.
 D = Time resting spent in this place.
 E = Time spent auto-exploring this place.
 F = Levels seen in this place.
 G = Mean time per level.
                   A        B        C        D        E       F      G
               +--------+--------+--------+--------+--------+-----+--------+
         Total |  72081 |  66455 |   5626 |  16163 |  38620 |  53 | 1360.0 |
       Dungeon |  18899 |  16679 |   2220 |   4295 |   9229 |  15 | 1259.9 |
          Lair |   7503 |   6851 |    652 |   1541 |   4606 |   6 | 1250.5 |
         Swamp |   5509 |   5287 |    222 |   1937 |   2433 |   4 | 1377.2 |
   Spider Nest |   2771 |   2594 |    177 |    267 |   1771 |   4 |  692.8 |
  Orcish Mines |   3952 |   3686 |    266 |   1132 |   1948 |   2 | 1976.0 |
   Elven Halls |   4910 |   4686 |    224 |   1051 |   2581 |   3 | 1636.7 |
        Vaults |   8399 |   7546 |    853 |    900 |   5121 |   5 | 1679.8 |
        Depths |   9176 |   8511 |    665 |   2284 |   4835 |   5 | 1835.2 |
           Zot |   8797 |   8453 |    344 |   2132 |   5206 |   5 | 1759.4 |
         Abyss |    263 |    263 |      0 |      0 |    125 |   1 |  263.0 |
         Trove |     62 |     62 |      0 |      0 |     50 |   1 |   62.0 |
       Ossuary |    380 |    380 |      0 |      0 |    192 |   1 |  380.0 |
      Ice Cave |   1454 |   1454 |      0 |    621 |    521 |   1 | 1454.0 |
               +--------+--------+--------+--------+--------+-----+--------+

Top non-repeatable levels by time:
   Orc:2: 3258 daAuts
    D:14: 2512 daAuts
   Zot:5: 2477 daAuts
Vaults:1: 2446 daAuts
   Zot:4: 2387 daAuts
Depths:1: 2135 daAuts
Depths:3: 2047 daAuts
   Elf:3: 2029 daAuts
Vaults:3: 2010 daAuts
Depths:4: 1936 daAuts
   Elf:2: 1793 daAuts
 Swamp:3: 1790 daAuts
    D:11: 1787 daAuts
Depths:5: 1737 daAuts
    D:13: 1690 daAuts
